AoeStats
← Chris

Arena

508071891Analyzed
4v4 RM · 11d ago on Sep 20, 2026· 51m 52s· 8 players
Game mode
Random Map
Map size
Large (8 player)
Population
200
Speed
Normal
Resources
Standard
Victory
Conquest
Starting age
Dark Age
Ending age
Imperial Age
RankedLock teamsTeams togetherTeam positionsShared explorationLock speedFull tech treeHidden civsTurbo modeCheats
Victory
Defeat
🇪🇸 Poles · Spain
1314
+16
🇸🇪 Ethiopians · Sweden
1311
+16
🇺🇸 Hindustanis · United States
1309
+16
🇧🇷 Dravidians · Brazil
1295
+17
🇮🇳 Bohemians · India
1348
-17
🇩🇪 Bohemians · Germany
1320
-17
🇦🇹 Italians · Austria
1301
-16
🇩🇪 Lithuanians · Germany
1278
-15
Chris
11:00 Feudal Age
12:11 Horse Collar
14:43 Castle Age
12:31 Horse Collar
13:32 Double-Bit Axe
15:49 Bow Saw
18:31 Town Watch
18:37 Loom
24:20 Wheelbarrow
25:16 Heavy Plow
26:45 Heavy Plow
27:54 Hand Cart
31:46 Imperial Age
29:59 Scale Barding Armor
30:28 Bloodlines
30:19 Husbandry
31:38 Chain Barding Armor
31:59 Heavy Camel Rider
33:21 Plate Barding Armor
32:57 Forging
33:32 Conscription
36:27 Chemistry
35:10 Imperial Camel Rider
36:29 Iron Casting
36:26 Light Cavalry
38:09 Hussar
39:25 Shatagni
40:28 Blast Furnace
39:29 Padded Archer Armor
44:10 Two-Man Saw
42:48 Siege Elephant
46:13 Masonry
BaianinhoDeMaua
8:25 Loom
10:13 Feudal Age
14:41 Castle Age
22:55 Scale Mail Armor
25:10 Double-Bit Axe
29:56 Chain Mail Armor
30:22 Squires
30:23 Crossbowman
30:55 Fletching
31:20 Padded Archer Armor
33:59 Gold Mining
35:52 Bodkin Arrow
36:25 Bow Saw
37:49 Thumb Ring
38:02 Leather Archer Armor
39:30 Ballistics
42:02 Imperial Age
43:06 Wheelbarrow
42:12 Arbalester
44:22 Bracer
45:25 Hand Cart
48:00 Chemistry
47:19 Siege Elephant
Alejandro_Cao
1:51 Loom
10:58 Feudal Age
12:12 Horse Collar
16:38 Castle Age
14:48 Double-Bit Axe
17:34 Heavy Plow
17:48 Bow Saw
23:46 Gold Mining
27:47 Imperial Age
25:58 Wheelbarrow
27:24 Szlachta Privileges
28:04 Scale Barding Armor
28:10 Forging
28:33 Bloodlines
28:23 Husbandry
29:01 Conscription
29:07 Chain Barding Armor
28:09 Cavalier
29:14 Town Watch
30:27 Iron Casting
33:07 Blast Furnace
32:45 Fletching
34:23 Light Cavalry
36:15 Crop Rotation
36:42 Scale Mail Armor
36:52 Winged Hussar
39:06 Lechitic Legacy
41:25 Bodkin Arrow
41:38 Capped Ram
42:42 Siege Ram
44:47 Siege Ram
47:30 Siege Engineers
47:36 Masonry
47:47 Ballistics
48:20 Chain Mail Armor
49:17 Elite Obuch
52:00 Plate Mail Armor
51:31 Bracer
Jardel
10:07 Feudal Age
12:48 Forging
12:30 Double-Bit Axe
14:53 Castle Age
13:06 Double-Bit Axe
13:22 Horse Collar
19:37 Loom
21:38 Bow Saw
23:16 Wheelbarrow
23:24 Heavy Plow
29:40 Imperial Age
26:41 Crossbowman
27:12 Fletching
28:11 Bodkin Arrow
28:56 Padded Archer Armor
29:21 Ballistics
30:25 Thumb Ring
29:56 Arbalester
31:09 Bracer
32:43 Chemistry
32:10 Leather Archer Armor
34:19 Two-Man Saw
34:13 Conscription
34:09 Siege Engineers
36:46 Torsion Engines
36:35 Halberdier
37:59 Scale Mail Armor
39:25 Gold Mining
39:26 Stone Mining
42:09 Chain Mail Armor
43:07 Squires
42:53 Arson
43:39 Plate Mail Armor
43:20 Forging
43:41 Ring Archer Armor
46:22 Iron Casting
52:44 Blast Furnace
Carpii
11:15 Feudal Age
15:04 Castle Age
14:33 Double-Bit Axe
16:02 Loom
16:30 Squires
16:22 Horse Collar
21:03 Bow Saw
25:32 Wheelbarrow
25:42 Treadmill Crane
27:07 Heavy Plow
28:16 Hand Cart
32:31 Imperial Age
29:48 Town Watch
30:17 Scale Barding Armor
30:22 Forging
30:32 Masonry
31:48 Husbandry
32:00 Bloodlines
32:16 Chain Barding Armor
32:32 Iron Casting
33:18 Fletching
33:53 Ballistics
32:59 Cavalier
34:31 Stone Mining
34:38 Gold Mining
37:35 Paladin
37:37 Light Cavalry
39:32 Conscription
hafnfp13
10:05 Feudal Age
11:29 Loom
15:08 Castle Age
17:48 Double-Bit Axe
24:34 Horse Collar
25:24 Heavy Plow
30:58 Gold Mining
36:43 Imperial Age
34:53 Wheelbarrow
34:21 Stone Mining
34:42 Bow Saw
35:07 Ballistics
36:02 Elite Skirmisher
36:48 Thumb Ring
36:48 Fletching
36:59 Padded Archer Armor
39:31 Conscription
39:58 Hand Cart
43:44 Bodkin Arrow
44:04 Leather Archer Armor
48:06 Two-Man Saw
48:18 Bracer
48:48 Ring Archer Armor
49:53 Crop Rotation
50:40 Chemistry
51:41 Bombard Tower
TheDangerous
7:36 Loom
9:51 Feudal Age
10:40 Double-Bit Axe
16:28 Castle Age
17:30 Bow Saw
17:03 Horse Collar
19:36 Heavy Plow
23:40 Wheelbarrow
28:29 Imperial Age
27:19 Wagenburg Tactics
27:21 Padded Archer Armor
27:11 Fletching
27:41 Town Watch
28:11 Hand Cart
28:25 Leather Archer Armor
29:29 Chemistry
28:50 Ballistics
28:11 Treadmill Crane
29:36 Chemistry
28:57 Ballistics
30:00 Conscription
29:40 Bodkin Arrow
31:15 Two-Man Saw
30:02 Houfnice
30:55 Scale Mail Armor
31:27 Bracer
33:04 Ring Archer Armor
37:48 Arson
38:34 Pikeman
39:30 Chain Mail Armor
39:26 Forging
39:18 Squires
39:27 Halberdier
42:08 Wagenburg Tactics
42:18 Masonry
47:08 Plate Mail Armor
47:23 Iron Casting
DesFroschi
10:22 Feudal Age
14:32 Castle Age
15:28 Loom
16:54 Chemistry
16:59 Double-Bit Axe
24:09 Horse Collar
25:20 Wheelbarrow
27:13 Bow Saw
32:15 Forging
32:05 Scale Mail Armor
32:34 Hand Cart
32:41 Man-at-Arms
33:04 Treadmill Crane
34:46 Iron Casting
34:16 Long Swordsman
35:15 Chain Mail Armor
35:08 Squires
34:54 Arson
34:31 Pikeman
38:49 Imperial Age
38:12 Masonry
38:09 Heavy Plow
38:52 Two-Handed Swordsman
38:54 Halberdier
40:38 Blast Furnace
40:08 Plate Mail Armor
40:01 Conscription
40:06 Champion
45:38 Siege Engineers
46:07 Wagenburg Tactics
Connection lost

Rejoining the realm…

Still unreachable

The connection could not be restored.

Session expired

The server has moved on; the page needs a fresh start.